 Dungeon Crawl Stone Soup version 0.27.0-1-g7a089689b8 (webtiles) character file.

Game seed: 5601061328155242375

75 ZenoRockbell the Skirmisher (level 4, -18/40 HPs)
             Began as a Hill Orc Fighter on Aug 6, 2021.
             Engulfed by a cloud of flame (39 damage)
             ... on level 3 of the Dungeon.
             The game lasted 00:08:40 (1504 turns).

ZenoRockbell the Skirmisher (Hill Orc Fighter)      Turns: 1504, Time: 00:08:41

Health: -18/40     AC:  8    Str: 19    XL:     4   Next: 31%
Magic:  4/4        EV:  7    Int:  8    God:
Gold:   37         SH:  9    Dex: 10    Spells: 3/3 levels left

rFire    . . .     SeeInvis .   a - +0 war axe
rCold    . . .     Faith    .   c - +0 kite shield
rNeg     . . .     Spirit   .   b - +0 scale mail
rPois    +         Reflect  .   g - +0 helmet
rElec    .         Harm     .   (no cloak)
rCorr    .         Rampage  .   (no gloves)
Will     .....                  (no boots)
Stlth    ..........             (no amulet)
HPRegen  0.13/turn              e - ring of poison resistance
MPRegen  0.09/turn              (no ring)

@: no status effects
A: no striking features
a: no special abilities


You were on level 3 of the Dungeon.
You visited 1 branch of the dungeon, and saw 3 of its levels.

You collected 37 gold pieces.

Inventory:

Hand Weapons
 a - a +0 war axe (weapon)
Armour
 b - a +0 scale mail (worn)
 c - a +0 kite shield (worn)
 g - a +0 helmet (worn)
 i - a +0 helmet
Jewellery
 e - a ring of poison resistance (left hand)
Scrolls
 h - 2 scrolls of vulnerability
 k - a scroll of fog
Potions
 d - a potion of might
 f - a potion of brilliance
 j - 2 potions of curing {unknown}


   Skills:
 * Level 4.1 Fighting
 * Level 3.9 Axes
 * Level 4.1 Armour
 * Level 3.7 Shields


You had 3 spell levels left.
You didn't know any spells.
Your spell library was empty.

Dungeon Overview and Level Annotations

Branches:
Dungeon (3/15)

Altars:


Message History

You hit the rat.
You kill the rat!
You see here a +0 falchion.
There is an escape hatch in the floor here.
A worm comes into view.
Found a scroll labelled EKOWNO LENUARR.
You see here a scroll labelled EKOWNO LENUARR.
l - a scroll labelled EKOWNO LENUARR
As you read the scroll labelled EKOWNO LENUARR, it crumbles to dust.
The creatures around you are filled with an inner flame!
It was a scroll of immolation.
An endoplasm comes into view.
The endoplasm quivers.
You block the endoplasm's attack.
The endoplasm hits you but does no damage.
You hit the endoplasm.
You kill the endoplasm!
A giant cockroach comes into view.
Found 15 gold pieces.
You slash the giant cockroach!
You kill the giant cockroach!
Found a club.
A hobgoblin comes into view.
The hobgoblin shouts!
Found a glowing puce potion.
The hobgoblin barely misses you.
Found a sapphire potion.
You closely miss the hobgoblin. You block the hobgoblin's attack.
The hobgoblin hits you but does no damage.
You barely miss the hobgoblin. You barely miss the worm.
The hobgoblin hits you but does no damage.
The worm bites you.
You closely miss the hobgoblin. You hit the worm.
Flame seeps out of the worm.
The hobgoblin hits you but does no damage.
You block the hobgoblin's attack.
The worm is engulfed in blazing flames.
The worm explodes!
The fiery explosion engulfs you!
You closely miss the hobgoblin.
You are engulfed in blazing flames.
Ouch! That really hurt!
You die...

##.######.#.#.....##
.)......#......†...##
.##########.........#
.# *#...........# .#
#..#........$# .#
#.##.........#
.#######.##....§§...#
........,......§°..##
.#######,##....§@§..#
## *,*#.....g...#
*,*#.........#
**,*#....)....#
******,<*#.........#
*,,,,,,,.....!....##
*,,,,,,,...#.....##
*,,,,,,,!..#######
*,,,,,,,,,,*


You could see a hobgoblin.

Vanquished Creatures
  3 adders
  A worm (D:3)
  A dart slug (D:2)
  3 ball pythons
  2 endoplasms
  A giant cockroach (D:3)
  4 goblins
  4 hobgoblins
  7 jackals (D:2)
  2 quokkas
  3 bats
  2 frilled lizards (D:1)
  3 kobolds
  6 rats
42 creatures vanquished.

Notes
Turn   | Place    | Note
-------+----------+-------------------------------------------
     0 | D:1      | ZenoRockbell the Hill Orc Fighter began the quest for the
                  | Orb.
     0 | D:1      | Reached XP level 1. HP: 19/19 MP: 1/1
   403 | D:1      | Reached XP level 2. HP: 27/27 MP: 2/2
   561 | D:2      | Reached XP level 3. HP: 13/33 MP: 3/3
   645 | D:2      | Noticed an ogre
  1306 | D:3      | Reached XP level 4. HP: 40/40 MP: 4/4
  1504 | D:3      | Engulfed by a cloud of flame

Illustrated notes

Levels and vault maps discovered:
D:1:      amcnicky_arrival_wind_blow, layout_basic,
          ebering_ecumenical_altar_rust
D:2:      layout_basic, minmay_misc_feat_rugged, minivault_23,
          lightli_corner_chamber
D:3:      layout_rooms, grunt_decor_mini_mirrors

Skill      XL: |  1  2  3 |
---------------+----------+-----
Axes           | 3 |  3.9
Fighting       | 4 |  4.1
Armour         | 4 |  4.1
Shields        | |  3.7

Action                   |  1- 3 |  4- 6 || total
-------------------------+-------+-------++-------
Melee: War axe           |    85 |    28 ||   113
  Use: Scroll            |     6 |     1 ||     7
Armor: Scale mail        |    45 |    17 ||    62
Dodge: Dodged            |    33 |    13 ||    46
Block: Kite shield       |    73 |    19 ||    92
